Map: Coda LE (Void)

Players

sircumfrence

  • Race: Terran Terran

Puppytherapy - Winner!

  • Race: Protoss Protoss

VOD

Have the link to the VOD?

Description

Time

  • Played on: May 3, 2015, 3:49 p.m.
  • Length: 3:54
Show
View Real Time Build Order
Export as new Build Order

sircumfrence Terran 

Build Orders:  

Get SALT Encoding   

  12  0:00  SCV  
  13  0:13  SCV  
  14  0:20  Supply Depot  
  14  0:25  SCV  
  15  0:42  SCV  
  16  0:49  Barracks  
  16  0:54  SCV  
  17  1:06  Supply Depot, SCV  
  18  1:18  SCV  
  19  1:35  Command Center  
  19  1:40  Orbital Command  
  19  1:46  Marine  
  20  1:51  Bunker  
  20  2:04  Marine  
  20  2:05  Refinery x2  
  21  2:08  SCV  
  22  2:20  SCV  
  22  2:22  Marine  
  24  2:34  SCV  
  25  2:40  Marine  
  26  2:52  Factory  
  26  2:55  Orbital Command  
  26  2:56  SCV  
  27  2:58  Marine  
  28  3:08  SCV  
  29  3:16  Marine  
  30  3:22  SCV x2, Factory  
  30  3:24  Refinery  
  30  3:26  Refinery  
  32  3:34  SCV  
  32  3:35  SCV  
  32  3:36  Barracks Reactor, Supply Depot  
  32  3:37  Factory Tech Lab  
  34  3:43  Starport  
Show
View Real Time Build Order
Export as new Build Order

Puppytherapy Protoss - Winner!

Build Orders: Oracle Opening, Oracle Opening 

Get SALT Encoding   

  12  0:01  Probe  
  13  0:13  Pylon  
  13  0:18  Probe  
  14  0:34  Probe (Chrono Boost), Gateway  
  15  0:46  Probe (Chrono Boost)  
  15  0:47  Assimilator  
  16  0:51  Assimilator  
  16  0:53  Probe (Chrono Boost)  
  17  1:05  Probe (Chrono Boost)  
  18  1:14  Probe (Chrono Boost)  
  19  1:23  Cybernetics Core, Probe  
  20  1:27  Pylon  
  20  1:35  Probe (Chrono Boost)  
  21  1:46  Probe (Chrono Boost)  
  23  2:02  Mothership Core (Chrono Boost)  
  24  2:12  Stargate  
  25  2:23  Probe (Chrono Boost)  
  26  2:30  Probe (Chrono Boost)  
  26  2:34  Nexus  
  26  2:46  Pylon  
  28  2:56  Oracle (Chrono Boost)  
  29  3:02  Probe (Chrono Boost)  
  29  3:04  Stalker  
  32  3:14  Probe (Chrono Boost)  
  33  3:22  Robotics Facility  
  33  3:23  Probe (Chrono Boost)  
  34  3:31  Probe  
Tags
 
Add a new tag
Caveats
  • Supply blocks, unpowered buildings, or Contaminate may cause inaccurate times.
  • Supply counts are checked every 10 seconds.